AoeStats
← El Tlacuache

Arabian Desert

510254270Analyzed
1v1 RM · 3d ago on Sep 30, 2026· 21m 42s· 2 players
Game mode
Random Map
Map size
Tiny (2 player)
Population
200
Speed
Normal
Resources
Standard
Victory
Conquest
Starting age
Dark Age
Ending age
Imperial Age
RankedLock teamsTeams togetherTeam positionsShared explorationLock speedFull tech treeHidden civsTurbo modeCheats
Victory
Defeat
🇲🇽 Khmer · Mexico
1550
+10
🇩🇪 Persians · Germany
1420
-10
El Tlacuache
7:48 Loom
9:52 Feudal Age
14:00 Castle Age
20:32 Husbandry
Shizo
6:11 Loom
8:52 Feudal Age
9:35 Double-Bit Axe
14:05 Scale Barding Armor
15:45 Wheelbarrow
21:06 Castle Age
21:17 Forging
Connection lost

Rejoining the realm…

Still unreachable

The connection could not be restored.

Session expired

The server has moved on; the page needs a fresh start.